 Dungeon Crawl Stone Soup version 0.13.1-20-gf50ca03 (webtiles) character file.

537 pariah666 the Covered (level 6, -2/57 HPs)
             Began as a Deep Dwarf Berserker on Dec 31, 2013.
             Was a High Priest of Trog.
             Slain by a gnoll
             ... wielding a +0,+0 spear
              (5 damage)
             ... on Level 4 of the Dungeon.
             The game lasted 00:13:05 (2309 turns).

pariah666 the Covered (Deep Dwarf Berserker)        Turns: 2309, Time: 00:13:05

HP  -2/57        AC  7     Str 23      XL: 6   Next: 48%
MP   5/5         EV 10     Int  7      God: Trog [*****.]
Gold 152         SH  0     Dex 12      Spells:  0 memorised,  5 levels left

Res.Fire  : . . .   See Invis. : .   v - +0 orc morningstar
Res.Cold  : . . .   Warding    : .   f - +0 ring mail
Life Prot.: . . .   Conserve   : .   (no shield)
Res.Poison: .       Res.Corr.  : .   (no helmet)
Res.Elec. : .       Clarity    : .   (no cloak)
Sust.Abil.: . .     Spirit.Shd : .   j - +0 pair of gauntlets
Res.Mut.  : .       Stasis     : .   (no boots)
Res.Rott. : .       Flight     : .   (no amulet)
Saprovore : . . .                    (no ring)
                                     o - ring of flight

@: non-regenerating, somewhat resistant to hostile enchantments, unstealthy
A: damage resistance, recharge devices, sense surroundings 1, slow healing 3
a: Device Recharging, Burn Spellbooks, Berserk, Trog's Hand, Brothers in Arms,
Renounce Religion, Evoke Flight


You were on level 4 of the Dungeon.
You worshipped Trog.
Trog was extremely pleased with you.
You were hungry.

You visited 1 branch of the dungeon, and saw 4 of its levels.

You collected 132 gold pieces.

Inventory:

Hand weapons
 a - a +0,+0 dwarven hand axe {=f}
 v - a +0,+0 orcish morningstar (weapon)
Armour
 b - a +0 animal skin
 f - a +0 ring mail (worn)
 j - a +0 pair of gauntlets (worn)
Magical devices
 c - a wand of heal wounds (6)
Comestibles
 d - 2 bread rations
 k - 2 meat rations
 n - 2 apples
Scrolls
 e - a scroll of blinking {unknown}
 g - a scroll of enchant weapon I {unknown}
 i - 2 scrolls of curse armour {unknown}
 m - 2 scrolls of remove curse {unknown}
 p - 2 scrolls of magic mapping {unknown}
 q - a scroll of fear {unknown}
 t - 5 scrolls of identify {unknown}
 w - 2 scrolls of noise {unknown}
 x - a scroll of teleportation {unknown}
Jewellery
 o - a ring of flight (left hand)
 u - an uncursed ring of ice {unknown}
 y - a +4 ring of strength {unknown}
 z - the amulet of Cratuigy {Ward rC++, unknown}
   (You found it on level 4 of the Dungeon)

   [amulet of warding]

   It greatly protects you from cold.
 A - a +6 ring of protection {unknown}
Potions
 h - a potion of agility {unknown}
 l - 3 potions of curing {unknown}
 r - a potion of mutation {unknown}
 s - a potion of brilliance {unknown}


   Skills:
 * Level 3.3 Fighting
 * Level 4.5 Axes
 * Level 2.7 Maces & Flails
 * Level 5.0 Armour
 - Level 2.5 Dodging
 * Level 2.3 Stealth
 * Level 2.2 Evocations


You had 5 spell levels left.
You didn't know any spells.

Dungeon Overview and Level Annotations

Branches:
Dungeon (4/27)
 Temple: D:4-7

Altars:
Yredelemnul


Innate Abilities, Weirdness & Mutations

You are resistant to damage.
You can recharge devices by infusing magical energy.
You passively map a small area around you.
You do not heal naturally.


Message History

The gnoll is severely wounded.
The gnoll hits you but does no damage. The gnoll hits you with a spear.
You hit the gnoll.
The gnoll is severely wounded.
The gnoll hits you but does no damage. The gnoll completely misses you.
The gnoll barely misses you.
Your ring mail prevents you from hitting the gnoll.
The gnoll is severely wounded.
The gnoll barely misses you. The gnoll hits you but does no damage.
Unknown command.
You closely miss the gnoll.
The gnoll is severely wounded.
The gnoll hits you with a spear. The gnoll hits you with a spear!
* * * LOW HITPOINT WARNING * * *
The gnoll hits you but does no damage.
You puncture the gnoll!
You kill the gnoll!
Trog accepts your kill. The gnoll hits you with a spear.
You die...

* #.....)...# * .###*
#........>#
.....*###.........#
...... #.'.........#
#...... #.#b........#
#......##.#[........#
*#......#..#.........#
,
.......g#.##.........#
#.....)@)##.........#
#......####.........#
* #...... #.........#
#...... ###########
#...... ######


You could see a gnoll.

Vanquished Creatures
  An ogre (D:4)
  An iguana (D:4)
  An orc wizard (D:4)
  2 worker ants (D:4)
  2 adders
  3 gnolls (D:4)
  A giant mite (D:2)
  6 worms
  5 giant geckos
  An ooze (D:4)
  19 orcs
  14 bats
  4 giant cockroaches
  7 goblins
  6 hobgoblins
  3 quokkas
  2 ball pythons
  4 giant newts (D:2)
  7 jackals
  4 kobolds
  9 rats
102 creatures vanquished.

Notes
Turn   | Place    | Note
--------------------------------------------------------------
     0 | D:1      | pariah666, the Deep Dwarf Berserker, began the quest for the Orb.
     0 | D:1      | Reached XP level 1. HP: 21/21 MP: 0/0
   238 | D:1      | Reached XP level 2. HP: 21/28 MP: 1/1
   255 | D:1      | Acquired Trog's second power
   835 | D:2      | Reached XP level 3. HP: 12/36 MP: 2/2
   979 | D:2      | Reached skill level 1 in Evocations
  1283 | D:2      | Found a basalt altar of Yredelemnul.
  1377 | D:3      | Reached skill level 4 in Axes
  1431 | D:3      | Reached XP level 4. HP: 23/43 MP: 3/3
  1441 | D:3      | Acquired Trog's third power
  1641 | D:3      | Reached skill level 1 in Stealth
  1764 | D:3      | Reached skill level 1 in Maces & Flails
  1908 | D:4      | Reached XP level 5. HP: 47/50 MP: 3/3
  2067 | D:4      | Got a brightly glowing platinum amulet
  2092 | D:4      | Noticed an ogre
  2102 | D:4      | Killed an ogre
  2102 | D:4      | Reached XP level 6. HP: 21/57 MP: 5/5
  2301 | D:4      | Reached skill level 5 in Armour
  2309 | D:4      | Slain by a gnoll

Action                   |  1- 3 |  4- 6 || total
-------------------------+-------+-------++-------
Melee: Hand axe          |   134 |     3 ||   137
       Morningstar       |       |   168 ||   168
Invok: Burn Spellbooks   |       |     2 ||     2
 Abil: Device Recharging |       |     2 ||     2
Evoke: Wand              |     1 |     7 ||     8
